 Dungeon Crawl Stone Soup version 0.25.0-9-g26727b657a (webtiles) character file.

Game seed: 17378879447177762691

39 Gwenloh the Caller (level 3, 0/27 HPs)
             Began as a Demigod Summoner on June 18, 2020.
             Slain by a goblin
             ... wielding a +0 club
             ... led by Robin
              (2 damage)
             ... on level 2 of the Dungeon.
             The game lasted 00:12:21 (2356 turns).

Gwenloh the Caller (Demigod Summoner)               Turns: 2356, Time: 00:12:21

Health: 0/27       AC:  3    Str: 11    XL:     3   Next: 11%
Magic:  8/8        EV: 12    Int: 21    God:
Gold:   57         SH:  0    Dex: 16    Spells: 3/6 levels left

rFire    . . .     SeeInvis .   v - +0 spear
rCold    . . .     Gourm    .   (no shield)
rNeg     . . .     Faith    .   r - +0 leather armour
rPois    +         Spirit   .   (no helmet)
rElec    .         Reflect  .   (no cloak)
rCorr    .         Harm     .   (no gloves)
MR       .....                  (no boots)
Stlth    ++........             (no amulet)
HPRegen  0.09/turn              f - ring of poison resistance
MPRegen  0.11/turn              (no ring)

@: no status effects
A: high mp 1
a: no special abilities


You were on level 2 of the Dungeon.
You were not hungry.

You visited 1 branch of the dungeon, and saw 2 of its levels.

You collected 57 gold pieces.

Inventory:

Hand Weapons
 d - a +0 club
 j - a +0 dagger
 o - a +0 whip
 v - a +0 spear (weapon)
Missiles
 e - 27 arrows
 p - 71 stones (quivered)
Armour
 a - a +0 robe
 h - a +0 ring mail
 r - a +0 leather armour (worn)
Jewellery
 f - a ring of poison resistance (left hand)
Scrolls
 g - a scroll of fear {unknown}
 k - a scroll of teleportation {unknown}
 m - a scroll of enchant weapon {unknown}
 n - 4 scrolls of identify {unknown}
 q - 2 scrolls of enchant armour {unknown}
 t - 3 scrolls of remove curse {unknown}
 u - a scroll of magic mapping {unknown}
Potions
 b - 2 potions of curing {unknown}
 i - a potion of might {unknown}
 l - a potion of lignification {unknown}
 s - a potion of flight {unknown}
Comestibles
 c - 9 rations
 w - 2 chunks of flesh


   Skills:
 + Level 0.9 Fighting
 + Level 0.1 Polearms
 + Level 0.9 Armour
 + Level 2.2 Dodging
 - Level 1.7 Stealth
 + Level 2.1 Spellcasting
 + Level 3.8 Summonings


You had 3 spell levels left.
You knew the following spells:

 Your Spells              Type           Power        Failure   Level  Hunger
a - Summon Small Mammal   Summ           ###.         4%          1    #......
b - Call Imp              Summ           ###.....     6%          2    ##.....

Your spell library contained the following spells:

 Spells                   Type           Power        Failure   Level  Hunger
 Call Canine Familiar     Summ           ###.....     12%         3    ###....
 Summon Guardian Golem    Hex/Summ       ##......     26%         3    ###....
 Summon Ice Beast         Ice/Summ       ##......     65%         4    #####..
 Summon Lightning Spire   Summ/Air       ##......     65%         4    #####..


Dungeon Overview and Level Annotations

Branches:
Dungeon (2/15)

Annotations:
D:2 Robin


Innate Abilities, Weirdness & Mutations

You have an increased reservoir of magic. (+10% MP)


Message History

You barely miss the goblin.
Robin roars a battlecry!
The goblins go into a battle-frenzy!
The goblin hits you but does no damage. The goblin misses you.
You miss the goblin. The goblin closely misses you.
The goblin hits you but does no damage.
You hit the goblin.
You kill the goblin!
The goblin hits you with a +0 club.
* * * LOW HITPOINT WARNING * * *
The goblin hits you with a +0 club.
* * * LOW HITPOINT WARNING * * *
There is an open door here.
You see here a +0 dagger.
The goblin unwields a +0 club.
The goblin wields a +0 hunting sling.
The goblin shoots a stone.
The stone barely misses you.
You see here 2 stones.
Robin throws the goblin at you!
The goblin unwields a +0 hunting sling.
The goblin wields a +0 club.
The goblin hits you with a +0 club.
You die...

######'##### .#
#.......# ..
#.......# #######
#.....(.# ......
#.....g.# #....
######)## #....
#.############....
#(#.........##.#.[
#@#.#######.##.#..
#g#.# #.##.###
#.#.#######.##.#
#.#......#.....#
#.######.#######
#.# #.# #.######.#
#.....##.#
#####.##.#


You could see Robin and a goblin (strong).

Vanquished Creatures
  A worm (D:2)
  2 leopard geckos (D:1)
  2 bats (D:1)
  6 goblins
  5 hobgoblins
  2 kobolds
  2 frilled lizards
  4 rats (D:1)
24 creatures vanquished.

Vanquished Creatures (collateral kills)
  A goblin (D:2)
  4 hobgoblins
  2 kobolds (D:1)
7 creatures vanquished.

Grand Total: 31 creatures vanquished

Notes
Turn   | Place    | Note
-------+----------+-------------------------------------------
     0 | D:1      | Gwenloh the Demigod Summoner began the quest for the Orb.
     0 | D:1      | Reached XP level 1. HP: 14/14 MP: 5/5
   886 | D:1      | Reached XP level 2. HP: 18/22 MP: 7/7
   890 | D:1      | Learned a level 2 spell: Call Imp
  1521 | D:2      | Noticed Robin
  2055 | D:2      | Found a shimmering blue altar of Sif Muna.
  2298 | D:2      | Reached XP level 3. HP: 27/27 MP: 8/8
  2353 | D:2      | HP: 1/27 [goblin/+0 club[Robin] (5)]
  2356 | D:2      | Slain by a goblin

Illustrated notes

Levels and vault maps discovered:
D:1:      dpeg_arrival_arbitrary_c, layout_basic, minmay_split_cup_large
D:2:      layout_basic, marbit_many_paths, zin_scriptorium, lemuel_doored_altar,
          first_ration, uniq_terence, uniq_robin

Skill      XL: |  1  2 |
---------------+-------+-----
Dodging        | 2 |  2.2
Spellcasting   | 2 |  2.1
Fighting       | |  0.9
Polearms       | |  0.1
Armour         | |  0.9
Stealth        | |  1.7
Summonings     | |  3.8

Action                   || total
-------------------------++-------
Melee: Dagger            ||    63
       Club              ||    14
       Spear             ||    46
       Whip              ||     5
Throw: Stone             ||    27
 Cast: Summon Small Mamm ||    11
       Call Imp          ||     2
 Stab: Sleeping          ||     2
       Distracted        ||     1
  Eat: Chunk             ||     5
Armor: Robe              ||     7
       Leather armour    ||     8
Dodge: Dodged            ||    80
